 Dungeon Crawl Stone Soup version 0.30-a0-4-ga7cffc901d (webtiles) character file.

Game seed: 3029922718179479790

128 Setbun the Sneak (level 5, -6/30 HPs)
             Began as a Kobold Enchanter on Aug 20, 2022.
             Mangled by Grinder (9 damage)
             ... on level 3 of the Dungeon.
             The game lasted 00:02:30 (2158 turns).

Setbun the Sneak (Kobold Enchanter)                 Turns: 2158, Time: 00:02:31

Health: -6/30      AC:  5    Str:  5    XL:     5   Next: 34%
Magic:  9/9        EV: 15    Int: 17    God:
Gold:   156        SH:  0    Dex: 17    Spells: 9/9 levels left

rFire   . . .      SeeInvis +    k - +2 dagger (drain)
rCold   . . .      Faith    .    (no shield)
rNeg    . . .      Spirit   .    b - +0 robe
rPois   .          Reflect  .    g - +0 helmet
rElec   .          Harm     .    o - +0 cloak
rCorr   .          Rampage  .    d - +0 pair of gloves
Will    .....                    (no boots)
Stlth   ++++......               (no amulet)
HPRegen 0.10/turn                h - ring of see invisible
MPRegen 0.11/turn                (no ring)

@: no status effects
A: small, no large weapons, nightstalker 3
a: no special abilities


You were on level 3 of the Dungeon.
You visited 1 branch of the dungeon, and saw 3 of its levels.

You collected 156 gold pieces.

Inventory:

Hand Weapons
 a - a +1 dagger
 k - a +2 dagger of draining (weapon)
Armour
 b - a +0 robe (worn)
 d - a +0 pair of gloves (worn)
 g - a +0 helmet (worn)
 o - a +0 cloak (worn)
Jewellery
 h - a ring of see invisible (left hand)
 m - a ring of flight
Scrolls
 f - a scroll of poison {unknown}
 i - 2 scrolls of teleportation {unknown}
 j - 2 scrolls of identify {unknown}
 p - a scroll of noise {unknown}
Potions
 c - 2 potions of invisibility
 e - 2 potions of magic {unknown}
 l - 2 potions of mutation {unknown}
 n - a potion of haste {unknown}
 q - a potion of resistance {unknown}
 r - 2 potions of curing {unknown}


   Skills:
 + Level 1.8 Fighting
 * Level 3.6 Short Blades
 + Level 3.1 Dodging
 + Level 4.7 Stealth
 + Level 2.8 Spellcasting
 + Level 3.4 Hexes


You had 9 spell levels left.
You didn't know any spells.
Your spell library contained the following spells:

 Spells                   Type           Power      Damage    Failure   Level
 Confusing Touch          Hex            13%        N/A       13%         3
 Tukima's Dance           Hex            13%        N/A       13%         3
 Ensorcelled Hibernation  Hex/Ice        16%        N/A       14%         2
 Dazzling Flash           Conj/Hex       16%        N/A       26%         3
 Petrify                  Tmut/Erth      2%         N/A       87%         4
 Metabolic Englaciation   Hex/Ice        4%         N/A       94%         5
 Statue Form              Tmut/Erth      1%         N/A       100%        6


Dungeon Overview and Level Annotations

Branches:
Dungeon (3/15)

Altars:

Annotations:
D:3 Grinder


Innate Abilities, Weirdness & Mutations

You are small and have problems with some larger weapons.
You are completely attuned to the shadows.


Message History

Terence is almost dead.
Terence hits you with a +0 mace.
You hit Terence.
You kill Terence!
You barely miss Grinder. Grinder gestures at you.
Pain shoots through your body!
You hit Grinder but do no damage. Grinder completely misses you.
You hit Grinder.
Grinder is lightly wounded.
Grinder closely misses you.
You hit Grinder but do no damage.
Grinder is lightly wounded.
You closely miss Grinder.
Grinder is lightly wounded.
Grinder closely misses you.
You barely miss Grinder.
Grinder is lightly wounded.
Grinder hits you but does no damage.
You hit Grinder.
Grinder is lightly wounded.
Grinder hits you.
* * * LOW HITPOINT WARNING * * *
You writhe in agony.
* * * LOW HITPOINT WARNING * * *
You barely miss Grinder.
Grinder is lightly wounded.
Grinder misses you.
You hit Grinder but do no damage.
Grinder is lightly wounded.
Grinder misses you.
You hit Grinder but do no damage.
Grinder is lightly wounded.
You hit Grinder.
Grinder is moderately wounded.
Grinder completely misses you.
You closely miss Grinder.
Grinder is moderately wounded.
Grinder hits you!
You die...

#.# ###.# ...# ##.##
#.##...#### .#
..<...r5@.##.#
#..§#####.##.#######
§§.§ #...........##
§..§ ##.#.#.#.....#
l... #..###......#
....#.#.#.....#
...###.##....##
.......##...##
.##.#####...#


You could see Grinder and a quokka.

Vanquished Creatures
  Crazy Yiuf (D:2)
  Terence (D:3)
  2 adders (D:2)
  5 endoplasms
  A giant cockroach (D:1)
  6 goblins
  2 hobgoblins
  9 jackals
  3 kobolds
  2 quokkas (D:2)
  3 ball pythons
  7 bats
  5 frilled lizards
  4 rats (D:1)
51 creatures vanquished.

Notes
Turn   | Place    | Note
-------+----------+-------------------------------------------
     0 | D:1      | Setbun the Kobold Enchanter began the quest for the Orb.
     0 | D:1      | Reached XP level 1. HP: 10/10 MP: 3/3
   125 | D:1      | Reached XP level 2. HP: 15/15 MP: 5/5
   716 | D:1      | Reached XP level 3. HP: 20/20 MP: 6/6
  1162 | D:1      | Reached skill level 1 in Fighting
  1339 | D:2      | Reached XP level 4. HP: 25/25 MP: 7/7
  1607 | D:2      | Found a runed translucent door.
  1610 | D:2      | Noticed Crazy Yiuf
  1761 | D:2      | Killed Crazy Yiuf
  1762 | D:2      | Reached XP level 5. HP: 15/30 MP: 7/9
  2128 | D:3      | Noticed Terence
  2129 | D:3      | Noticed Grinder
  2146 | D:3      | Killed Terence
  2158 | D:3      | Mangled by Grinder

Illustrated notes

Levels and vault maps discovered:
D:1:      dreamdust_arrival_sigmund_warning, layout_loops_ring,
          minmay_split_cup_large
D:2:      layout_rooms, uniq_crazy_yiuf_cottage
D:3:      layout_loops_ring, nicolae_dithmenos_the_darkroom, uniq_terence,
          uniq_grinder

Skill      XL: |  1  2  3  4  5 |
---------------+----------------+-----
Short Blades   | 2 3 |  3.6
Fighting       | 1 |  1.8
Dodging        | 3 |  3.1
Stealth        | |  4.7
Spellcasting   | |  2.8
Hexes          | |  3.4

Action                   |  1- 3 |  4- 6 || total
-------------------------+-------+-------++-------
Melee: Dagger            |    98 |    66 ||   164
       Punch             |       |     1 ||     1
 Stab: Sleeping          |    20 |     5 ||    25
Armor: Robe              |    19 |     5 ||    24
Dodge: Dodged            |    83 |    45 ||   128

Table legend: (Time is in decaauts)
 A = Elapsed time spent in this place.
 B = Non-inter-level travel time spent in this place.
 C = Inter-level travel time spent in this place.
 D = Time resting spent in this place.
 E = Time spent auto-exploring this place.
 F = Levels seen in this place.
 G = Mean time per level.
                   A        B        C        D        E       F      G
               +--------+--------+--------+--------+--------+-----+--------+
         Total |   2135 |   2051 |     84 |    435 |   1271 |   3 |  711.7 |
       Dungeon |   2135 |   2051 |     84 |    435 |   1271 |   3 |  711.7 |
               +--------+--------+--------+--------+--------+-----+--------+

Top non-repeatable levels by time:
     D:1: 1278 daAuts
     D:2: 724 daAuts
     D:3: 132 daAuts
